 Dungeon Crawl Stone Soup version 0.28.0-1-gb440e238dd (webtiles) character file.

Game seed: 8007367935620744625

3423 Colgate the Destroyer (level 9, -2/45 HPs)
             Began as a Demonspawn Conjurer on Feb 19, 2022.
             Was a Follower of Sif Muna.
             Shot with an arrow by a centaur warrior (9 damage)
             ... on level 8 of the Dungeon.
             The game lasted 00:46:35 (18112 turns).

Colgate the Destroyer (Demonspawn Conjurer)        Turns: 18112, Time: 00:46:35

Health: -2/45      AC:  8    Str:  8 (9)  XL:     9   Next: 76%
Magic:  7/18       EV: 11    Int: 24      God:    Sif Muna [*.....]
Gold:   374        SH:  0    Dex:  7 (8)  Spells: 13/20 levels left

rFire   + . .      SeeInvis .   l - +3 quarterstaff (chaos)
rCold   . . .      Faith    .   (shield currently unavailable)
rNeg    + . .      Spirit   .   z - +0 steam dragon scales
rPois   +          Reflect  .   (helmet restricted)
rElec   .          Harm     .   k - +0 cloak
rCorr   .          Rampage  .   (no gloves)
Will    +....      Clarity  +   (no boots)
Stlth   +.........              (no amulet)
HPRegen 0.15/turn               t - ring of positive energy
MPRegen 0.16/turn               y - ring of poison resistance

@: studying Axes, unable to read
A: horns 2, powered by pain 2, sharp scales 2, fangs 1, clarity, clumsy 2,
deterioration 1, fire resistance 1, frail 2, strong-willed 1, strong 1,
inability to read while threatened, MP-powered wands
a: Renounce Religion, Channel Magic


You were on level 8 of the Dungeon.
You worshipped Sif Muna.
Sif Muna was aware of your devotion.
You visited 2 branches of the dungeon, and saw 9 of its levels.

You collected 374 gold pieces.

Inventory:

Hand Weapons
 b - a +0 dagger
 c - a +1 whip of flaming
 h - a +0 dagger of speed
 l - a +3 quarterstaff of chaos (weapon)
Missiles
 r - a throwing net {!f}
Armour
 k - a +0 cloak (worn)
 x - a +2 robe of cold resistance
 z - +0 steam dragon scales (worn)
Jewellery
 t - a ring of positive energy (left hand)
 y - a ring of poison resistance (right hand)
Wands
 e - a wand of mindburst (4)
 q - a wand of iceblast (7) {@v2}
Scrolls
 a - a scroll of immolation {unknown}
 d - 3 scrolls of teleportation {@r3}
 i - 2 scrolls of amnesia {unknown}
 j - a scroll of magic mapping {unknown}
 p - a scroll of fog {unknown}
 w - a scroll of summoning
 A - a scroll of silence {unknown}
 B - a scroll of acquirement {unknown}
Potions
 f - a potion of flight
 g - a potion of ambrosia {unknown}
 m - a potion of haste {unknown}
 n - 3 potions of heal wounds {@q2}
 o - 2 potions of lignification
 s - a potion of attraction
 u - 2 potions of might {@q3}
 v - 2 potions of curing {unknown}


   Skills:
 - Level 1.7 Dodging
 - Level 1.7 Stealth
 - Level 6.1 Spellcasting
 + Level 10.4 Conjurations
 - Level 3.1 Hexes
 - Level 6.1 Invocations
 - Level 5.0 Evocations


You had 13 spell levels left.
You knew the following spells:

 Your Spells              Type           Power      Damage    Failure   Level
a - Magic Dart            Conj           100%       1d8       1%          1
b - Searing Ray           Conj           100%       2d8       1%          2
c - Fulminant Prism       Conj/Hex       20%        3d13      4%          4

Your spell library contained the following spells:

 Spells                   Type           Power      Damage    Failure   Level
 Static Discharge         Conj/Air       32%        N/A       1%          2
 Dazzling Flash           Conj/Hex       80%        N/A       1%          3
 Mephitic Cloud           Conj/Pois/Air  24%        N/A       5%          3
 Iskenderun's Mystic Bla  Conj/Tloc      32%        2d8       9%          4
 Sticky Flame             Conj/Fire      32%        2d5       9%          4
 Call Imp                 Summ           7%         N/A       12%         2
 Dispel Undead            Necr           7%         3d8       61%         4


Dungeon Overview and Level Annotations

Branches:
Dungeon (8/15)             Temple (1/1) D:5
   Lair: D:8-11

Altars:
Ashenzari
Cheibriados
Dithmenos
Elyvilon
Fedhas
Gozag
Hepliaklqana
Kikubaaqudgha
Makhleb
Nemelex Xobeh
Okawaru
Qazlal
Ru
Sif Muna
Trog
Uskayaw
Vehumet
Wu Jian
Xom
Yredelemnul
Zin
The Shining One

Shops:
D:4 (


Innate Abilities, Weirdness & Mutations

You have a pair of horns on your head.
You sometimes gain power by taking damage.
You are mostly covered in razor-sharp scales. (AC +2, Slay +2)
You have very sharp teeth.
You possess an exceptional clarity of mind.
You are very clumsy. (Dex -4)
Your body sometimes deteriorates upon taking damage.
Your flesh is heat resistant. (rF+)
You are very frail. (-20% HP)
You are strong-willed. (Will+)
Your muscles are strong. (Str +2)
You sometimes lose the ability to read scrolls when taking damage.
You expend magic power (3 MP) to strengthen your wands.


Message History

You kill the ufetubus!
The ufetubus disappears in a puff of smoke!
Unknown command.
Magic restored.
HP restored.
i - 2 scrolls labelled HOISER UWEE (gained 1)
Things that are here:
a +0 hand axe; a +0 chain mail A centaur warrior comes into view.
Casting: Fulminant Prism (dangerous; 4% risk of failure)
Aiming: Fulminant Prism (dangerous; 4% risk of failure)
You conjure a prism of explosive energy!
The centaur warrior shouts!
A fulminant prism comes into view.
You hear a shout! x3
The centaur warrior wields a +0 longbow.
The centaur warrior shoots an arrow.
The arrow hits your fulminant prism!
Your fulminant prism detonates feebly.
The centaur warrior shoots an arrow.
The arrow hits you!
Casting: Fulminant Prism (dangerous; 4% risk of failure)
Aiming: Fulminant Prism (dangerous; 4% risk of failure)
You conjure a prism of explosive energy!
A fulminant prism comes into view.
The centaur warrior shoots an arrow.
The arrow hits you!
You feel threatened and lose the ability to read scrolls!
Casting: Fulminant Prism (dangerous; 4% risk of failure)
Aiming: Fulminant Prism (dangerous; 4% risk of failure)
Okay, then.
Your fulminant prism crackles loudly.
Your fulminant prism explodes!
You hear a shout!
Aiming: Mindburst
Aim: a centaur warrior, wielding a +0 longbow, wearing a +0 robe and quivering arrows (chance to affect: 75%)
You feel a surge of power!
The centaur warrior's mind is blasted!!!
The centaur warrior shoots an arrow.
The arrow hits you!
* * * LOW HITPOINT WARNING * * *
A centaur comes into view.
The centaur warrior shoots an arrow.
The arrow hits you!
You die...

......<.......
....###############
##.....#### #...# ##
#####....#####...#
.# . ####.....#...#
..#.. #####.)...#
######.)... #.....#
#..#.o).#.. #.#...#
#..#?....#
#.#.@.#####.o...#..#
#.#...c.#..#..†.# #
#.####..#.....###
#.# #...c.#...# #.#
#.....#....#
#...######.# #####
.# ##


You could see a centaur warrior and a centaur.

Vanquished Creatures
  Grinder (D:6)
  Sigmund (D:3)
  A steam dragon (D:7)
  Eustachio (D:5)
  Edmund (D:4)
  A water moccasin (D:5)
  Duvessa (D:5)
  2 black bears
  An orc warrior (D:8)
  A centaur (D:6)
  2 ogres
  A kobold brigand (D:7)
  A scorpion (D:5)
  2 bullfrogs
  A wyvern skeleton (D:7)
  Dowan (D:5)
  A water moccasin skeleton (D:4)
  8 killer bees (D:7)
  A howler monkey (D:8)
  7 wights
  2 centaur zombies
  4 hounds
  Crazy Yiuf (D:2)
  A bullfrog skeleton (D:5)
  2 orc priests (D:6)
  4 iguanas
  4 orc wizards
  A hound zombie (D:5)
  A hound skeleton (D:4)
  7 gnolls (D:4)
  11 adders
  3 river rats (D:6)
  A white imp (D:5)
  An ufetubus (D:5)
  3 worms
  2 dart slugs (D:1)
  24 orcs
  5 ball pythons
  6 bats
  4 endoplasms
  3 giant cockroaches
  3 goblins (D:1)
  6 hobgoblins
  3 jackals (D:1)
  3 quokkas
  5 frilled lizards
  13 kobolds
  10 rats
169 creatures vanquished.

Vanquished Creatures (others)
  109 fulminant prisms
109 creatures vanquished.

Grand Total: 278 creatures vanquished

Notes
Turn   | Place    | Note
-------+----------+-------------------------------------------
     0 | D:1      | Colgate the Demonspawn Conjurer began the quest for the
                  | Orb.
     0 | D:1      | Reached XP level 1. HP: 13/13 MP: 3/3
   218 | D:1      | Gained mutation: You sometimes gain a little power by
                  | taking damage. [demonic ancestry]
   218 | D:1      | Reached XP level 2. HP: 15/19 MP: 0/5
   229 | D:1      | Learned a level 2 spell: Searing Ray
   426 | D:1      | You fall into a shaft and drop 1 floor!
   672 | D:1      | Reached skill level 5 in Conjurations
   698 | D:1      | Gained mutation: You have a pair of small horns on your
                  | head. [demonic ancestry]
   698 | D:1      | Reached XP level 3. HP: 24/24 MP: 3/6
  1220 | D:1      | Found a faded altar of an unknown god.
  1237 | D:1      | Prayed at the altar of an unknown god.
  1237 | D:1      | Became a worshipper of Xom of Many Doors
  1300 | D:1      | XOM: silly message
  1384 | D:1      | XOM: silly message
  1522 | D:1      | XOM: cloud trail
  1526 | D:1      | XOM: scenery: 2 doors close
  1670 | D:2      | XOM: god gift: wand of mindburst (9)
  1961 | D:2      | XOM: 5-stop teleportation journey
  2188 | D:2      | Reached XP level 4. HP: 30/30 MP: 4/7
  2323 | D:2      | Found a blossoming altar of Fedhas.
  2399 | D:2      | Found a runed translucent door.
  2400 | D:2      | Noticed Crazy Yiuf
  2579 | D:2      | XOM: silly message
  2840 | D:2      | Killed Crazy Yiuf
  2841 | D:2      | Reached skill level 6 in Conjurations
  2879 | D:2      | XOM: 1-stop teleportation journey
  3174 | D:1      | XOM: summons 3 hostile demons
  3337 | D:1      | XOM: summons 1 hostile demon
  3469 | D:2      | Found a blossoming altar of Fedhas.
  3482 | D:2      | XOM: noise
  4183 | D:2      | Found a blossoming altar of Fedhas.
  4191 | D:2      | XOM: god gift: leather armour {god gift}
  4672 | D:2      | XOM: torment (16/30 hp)
  5126 | D:1      | XOM: summons 3 hostile demons
  5127 | D:1      | Noticed a red devil
  5127 | D:1      | Noticed a chaos spawn
  5310 | D:3      | XOM: scenery: create altars
  5599 | D:3      | Noticed Sigmund
  5600 | D:3      | XOM: scenery: create altars
  5741 | D:2      | XOM: give mutations
  5741 | D:2      | Gained mutation: You are frail. (-10% HP) [Xom's mischief]
  5741 | D:2      | Gained mutation: You are weak. (Str -2) [Xom's mischief]
  5741 | D:2      | Gained mutation: You are very frail. (-20% HP) [Xom's
                  | mischief]
  5741 | D:2      | Lost mutation: You are weak. (Str -2) [Xom's mischief]
  7032 | D:2      | XOM: give mutations
  7032 | D:2      | Gained mutation: You are dopey. (Int -2) [Xom's mischief]
  7032 | D:2      | Lost mutation: You are dopey. (Int -2) [Xom's mischief]
  7032 | D:2      | Gained mutation: You are clumsy. (Dex -2) [Xom's mischief]
  7032 | D:2      | Gained mutation: You have hidden genetic defects. [Xom's
                  | mischief]
  7257 | D:2      | XOM: draining
  7294 | D:2      | XOM is BORED!
  7294 | D:2      | XOM: summons 3 hostile demons
  7381 | D:2      | XOM: give mutations
  7381 | D:2      | Gained mutation: You are dopey. (Int -2) [Xom's mischief]
  7381 | D:2      | Gained mutation: You are strong-willed. (Will+) [Xom's
                  | mischief]
  7381 | D:2      | Gained mutation: You possess an exceptional clarity of
                  | mind. [Xom's mischief]
  7381 | D:2      | Lost mutation: You are dopey. (Int -2) [Xom's mischief]
  7462 | D:2      | XOM: noise
  8499 | D:2      | XOM: silly message
  8865 | D:2      | XOM: silly message
  9247 | D:3      | XOM: smoke on damage
  9248 | D:3      | XOM: potion effect (might)
  9256 | D:3      | Killed Sigmund
  9257 | D:3      | Reached skill level 7 in Conjurations
  9257 | D:3      | Gained mutation: You sometimes gain power by taking damage.
                  | [demonic ancestry]
  9257 | D:3      | Reached XP level 5. HP: 9/28 MP: 1/8
  9257 | D:3      | Reached XP level 6. HP: 10/32 MP: 1/9
  9263 | D:3      | Gained mutation: You occasionally shout uncontrollably at
                  | your foes. [hidden defects]
  9702 | D:4      | Reached skill level 1 in Hexes
  9957 | D:4      | Gained mutation: You are very clumsy. (Dex -4) [hidden
                  | defects]
  9957 | D:4      | Lost mutation: You have hidden genetic defects. [hidden
                  | defects expressed]
 10122 | D:4      | Found Tularel's Weapon Shoppe.
 10122 | D:4      | XOM: swap monsters
 10133 | D:4      | Learned a level 4 spell: Fulminant Prism
 10153 | D:4      | XOM: silly message
 10161 | D:4      | XOM: silly message
 10325 | D:3      | XOM: noise
 10436 | D:4      | Noticed Edmund
 10587 | D:4      | XOM: cast spell 'Summon Ice Beast'
 10626 | D:4      | Killed Edmund
 10627 | D:4      | Gained mutation: You have a pair of horns on your head.
                  | [demonic ancestry]
 10627 | D:4      | Reached XP level 7. HP: 36/36 MP: 0/11
 10717 | D:4      | XOM: enchant monster (bad)
 10727 | D:4      | XOM: polymorph gnoll -> kobold
 11387 | D:5      | Entered Level 5 of the Dungeon
 11474 | D:4      | XOM: silly message
 11795 | D:5      | Reached skill level 8 in Conjurations
 11880 | D:5      | XOM: confuse monster(s)
 11959 | D:5      | XOM: 2-stop teleportation journey
 12235 | D:5      | Noticed Eustachio
 12236 | D:5      | XOM: cast spell 'Summon Small Mammal'
 12292 | D:4      | XOM: give mutations
 12292 | D:4      | Lost mutation: You occasionally shout uncontrollably at
                  | your foes. [Xom's mischief]
 12292 | D:4      | Gained mutation: You sometimes lose the ability to read
                  | scrolls when taking damage. [Xom's mischief]
 12292 | D:4      | Gained mutation: Your body sometimes deteriorates upon
                  | taking damage. [Xom's mischief]
 12404 | D:5      | Reached skill level 9 in Conjurations
 12740 | D:5      | Killed Eustachio
 12741 | D:5      | Gained mutation: You are partially covered in razor-sharp
                  | scales. (AC +1, Slay +1) [demonic ancestry]
 12741 | D:5      | Reached XP level 8. HP: 41/41 MP: 4/14
 12834 | D:5      | XOM: 8-stop teleportation journey
 13104 | D:5      | Noticed Duvessa
 13116 | D:5      | Killed Duvessa
 13120 | D:5      | Noticed Dowan
 13217 | D:4      | XOM: smoke on damage
 13393 | D:5      | Reached skill level 10 in Conjurations
 13399 | D:5      | Killed Dowan
 13721 | D:5      | XOM: give mutations
 13721 | D:5      | Gained mutation: Your flesh is heat resistant. (rF+) [Xom's
                  | grace]
 13721 | D:5      | Gained mutation: You expend magic power (3 MP) to
                  | strengthen your wands. [Xom's grace]
 13721 | D:5      | Gained mutation: You have very sharp teeth. [Xom's grace]
 13721 | D:5      | Gained mutation: Your muscles are strong. (Str +2) [Xom's
                  | grace]
 13894 | D:5      | Found a staircase to the Ecumenical Temple.
 13898 | Temple   | Entered the Ecumenical Temple
 14075 | Temple   | Fell from the grace of Xom
 14075 | Temple   | Became a worshipper of Sif Muna the Loreminder
 14613 | D:6      | Reached skill level 5 in Spellcasting
 14852 | D:6      | Reached skill level 1 in Evocations
 15246 | D:6      | Noticed Grinder
 15250 | D:6      | Killed Grinder
 15251 | D:6      | Gained mutation: You are mostly covered in razor-sharp
                  | scales. (AC +2, Slay +2) [demonic ancestry]
 15251 | D:6      | Reached XP level 9. HP: 44/45 MP: 1/16
 16146 | D:6      | XOM: stat loss: -1 Dex (7/8)
 16208 | D:6      | Reached skill level 5 in Evocations
 16529 | D:6      | XOM: draining
 16657 | D:6      | Reached * piety under Sif Muna
 16735 | D:6      | XOM: noise
 16903 | D:7      | Reached skill level 1 in Invocations
 17116 | D:7      | Reached skill level 5 in Invocations
 17381 | D:7      | XOM: stat loss: -1 Dex (7/8)
 17728 | D:7      | XOM: stat loss: -2 Str (7/9)
 17915 | D:8      | XOM: summons 1 hostile demon
 18106 | D:8      | Noticed a centaur warrior
 18112 | D:8      | Shot with an arrow by a centaur warrior

Illustrated notes

Levels and vault maps discovered:
D:1:      saegor_arrival_fortress, layout_basic,
          dreamdust_ecumenical_altar_hidden_monk_grotto, hex_medium,
          grunt_decor_resistance
D:2:      layout_basic, basic_altar, minmay_hedge_maze, uniq_crazy_yiuf_cottage
D:3:      layout_rooms, uniq_sigmund
D:4:      layout_basic, serial_shops, nicolae_shop_statue_plus, uniq_edmund
D:5:      layout_basic, temple_hall_moat, minmay_misc_feat_square,
          uniq_eustachio, uniq_duvessa
D:6:      layout_basic, lightli_sewer_entry_pipes, uniq_grinder
D:7:      layout_cave_pools
D:8:      minmay_bloctagon_deflated, layout_rooms, xom_redecorated, special_room
          [special_room_orc], hangedman_decor_push,
          nicolae_elevator_lobby_asterisk
Temple:   grunt_wide_crystal_templ

Skill      XL: |  1  2  3  4  5  6  7  8  9 |
---------------+----------------------------+-----
Conjurations   | 5 7 9 10 | 10.4
Hexes          | 3 |  3.1
Spellcasting   | 3 4 5 6 |  6.1
Evocations     | 4 5 |  5.0
Invocations    | 6 |  6.1
Dodging        | |  1.7
Stealth        | |  1.7

Action                   |  1- 3 |  4- 6 |  7- 9 || total
-------------------------+-------+-------+-------++-------
Melee: Unarmed           |    17 |       |       ||    17
       Dagger            |     1 |       |       ||     1
       Quarterstaff      |       |     6 |    13 ||    19
       Headbutt          |       |       |     4 ||     4
 Cast: Magic Dart        |    50 |    27 |       ||    77
       Searing Ray       |    10 |    18 |     6 ||    34
       Fulminant Prism   |       |     3 |   106 ||   109
Evoke: Wand              |       |       |     5 ||     5
  Use: Scroll            |       |     1 |     8 ||     9
Armor: Robe              |     8 |     6 |    29 ||    43
       Steam dragon scal |       |       |     6 ||     6
Dodge: Dodged            |    19 |    23 |    85 ||   127
